AoeStats
← ROKETSAN YeniCeri

Arabia

504798740Analyzed
2v2 RM · 25d ago on Sep 6, 2026· 51m 9s· 4 players
Game mode
Random Map
Map size
Medium (4 player)
Population
200
Speed
Normal
Resources
Standard
Victory
Conquest
Starting age
Dark Age
Ending age
Imperial Age
RankedLock teamsTeams togetherTeam positionsShared explorationLock speedFull tech treeHidden civsTurbo modeCheats
Victory
Defeat
🇩🇰 Mongols · Denmark
854
+16
🇩🇪 Turks · Germany
836
+17
🇦🇷 Wei · Argentina
921
-19
🇲🇽 Tupi · Mexico
796
-37
Findussen
10:20 Feudal Age
11:50 Double-Bit Axe
13:19 Loom
16:28 Castle Age
16:05 Horse Collar
17:12 Wheelbarrow
18:01 Bow Saw
21:23 Heavy Plow
24:18 Gold Mining
24:23 Stone Mining
28:49 Hand Cart
31:23 Thumb Ring
31:55 Stone Shaft Mining
31:57 Gold Shaft Mining
32:09 Fletching
32:26 Scale Barding Armor
32:32 Forging
32:55 Ballistics
33:56 Bodkin Arrow
38:24 Imperial Age
36:34 Caravan
36:56 Chain Barding Armor
38:44 Husbandry
38:54 Bloodlines
39:37 Elite Mangudai
40:38 Conscription
41:49 Parthian Tactics
41:41 Bracer
42:17 Iron Casting
43:11 Cavalier
44:21 Town Watch
50:27 Chemistry
ROKETSAN YeniCeri
1:27 Loom
11:48 Feudal Age
18:08 Castle Age
16:41 Horse Collar
27:56 Sanctity
33:25 Imperial Age
42:55 Padded Archer Armor
LatinLoverSAdeCV
5:19 Loom
10:52 Feudal Age
10:54 Champi Runner
14:01 Forging
19:58 Castle Age
18:48 Fletching
18:59 Padded Archer Armor
20:03 Double-Bit Axe
21:15 Elite Skirmisher
22:57 Horse Collar
25:02 Bodkin Arrow
27:01 Leather Archer Armor
27:31 Wheelbarrow
29:04 Gold Mining
32:29 Ballistics
32:18 Town Watch
36:46 Imperial Age
38:29 Chemistry
39:47 Elite Blackwood Archer
44:30 Bracer
46:04 Ring Archer Armor
46:12 Pikeman
咚咚帕
6:25 Loom
10:14 Feudal Age
10:51 Double-Bit Axe
14:36 Horse Collar
23:15 Castle Age
21:55 Stone Mining
21:57 Gold Mining
23:42 Fletching
26:09 Heavy Plow
28:07 Scale Barding Armor
32:12 Wheelbarrow
34:44 Chain Barding Armor
34:36 Forging
38:38 Imperial Age
40:50 Gold Shaft Mining
40:50 Stone Shaft Mining
40:51 Padded Archer Armor
41:28 Iron Casting
42:57 Conscription
44:33 Town Watch
45:03 Hand Cart
46:45 Chemistry
46:06 Ballistics
48:38 Parthian Tactics
49:27 Elite Tiger Cavalry
51:17 Blast Furnace
50:34 Leather Archer Armor
50:15 Bodkin Arrow
Connection lost

Rejoining the realm…

Still unreachable

The connection could not be restored.

Session expired

The server has moved on; the page needs a fresh start.